 Dungeon Crawl Stone Soup version 0.22.2-1-ge965b3aba3 (webtiles) character file.

64 theanonym the Vexing (level 3, -4/27 HPs)
             Began as a Mummy Enchanter on Aug 31, 2021.
             Was an Initiate of Gozag.
             Killed from afar by an orc wizard (9 damage)
             ... with a puff of flame
             ... on level 2 of the Dungeon.
             The game lasted 00:02:18 (1666 turns).

theanonym the Vexing (Mummy Enchanter)              Turns: 1666, Time: 00:02:18

Health: -4/27      AC:  7    Str: 12    XL:     3   Next: 91%
Magic:  7/7        EV:  9    Int: 14    God:    Gozag
Gold:   42         SH:  0    Dex: 12    Spells: 6/7 levels left

rFire    . . .     SeeInvis .   a - +1 dagger
rCold    + . .     Gourm    .   (no shield)
rNeg     + + +     Faith    .   d - +0 scale mail
rPois    ∞         Spirit   .   c - +0 helmet
rElec    .         Reflect  .   (no cloak)
rCorr    .         Harm     .   (no gloves)
MR       .....                  (no boots)
Stlth    +.........             (no amulet)
HPRegen  0.09/turn              f - ring of protection from fire
MPRegen  0.10/turn              (no ring)

@: no status effects
A: no food or potions, fire vulnerability, cold resistance 1, negative energy
resistance 3, torment resistance, unbreathing
a: Potion Petition, Call Merchant, Bribe Branch, Renounce Religion


Innate Abilities, Weirdness & Mutations

You do not eat or drink.
Your flesh is vulnerable to fire.
You are immune to poison.
Your flesh is cold resistant. (rC+)
You are immune to negative energy. (rN+++)
You are immune to unholy pain and torment.
You can survive without breathing.


   Skills:
 + Level 1.8 Fighting
 * Level 2.5 Short Blades
 - Level 1.5 Dodging
 - Level 2.4 Stealth
 - Level 2.6 Spellcasting
 - Level 2.6 Hexes


You had 6 spell levels left.
You knew the following spells:

 Your Spells              Type           Power        Failure   Level  Hunger
a - Corona                Hex            #......      38%         1    N/A

Your spell library contained the following spells:

 Spells                   Type           Power        Failure   Level  Hunger
 Ensorcelled Hibernation  Hex/Ice        #.....       71%         2    N/A
 Confuse                  Hex            #.......     77%         3    N/A
 Tukima's Dance           Hex            #.......     77%         3    N/A
 Dazzling Spray           Conj/Hex       #.....       91%         3    N/A

Skill      XL: |  1  2 |
---------------+-------+-----
Short Blades   | 1 2 |  2.5
Fighting       | 1 |  1.8
Dodging        | |  1.5
Stealth        | |  2.4
Spellcasting   | |  2.6
Hexes          | |  2.6

Action                   || total
-------------------------++-------
Melee: Dagger            ||   201
Armor: Scale mail        ||   109
Dodge: Dodged            ||   116

Inventory:

Hand Weapons
 a - a +1 dagger (weapon)
Armour
 c - a +0 helmet (worn)
   (You found it on level 1 of the Dungeon)
 d - a +0 scale mail (worn)
   (You found it on level 1 of the Dungeon)
Jewellery
 f - a ring of protection from fire (left hand)
   (You found it on level 1 of the Dungeon)
Scrolls
 b - a scroll of teleportation {unknown}
 e - 2 scrolls of remove curse {unknown}
 g - a scroll of identify {unknown}
 h - a scroll of enchant armour {unknown}


You were on level 2 of the Dungeon.
You worshipped Gozag.
Gozag was noncommittal.
You were not hungry.

You visited 1 branch of the dungeon, and saw 3 of its levels.

You collected 53 gold pieces.
You paid 11 gold pieces to Gozag.

Dungeon Overview and Level Annotations

Branches:
Dungeon (3/15)

Altars:
Cheibriados
Gozag
Sif Muna
Trog
Uskayaw
Wu Jian
Xom
Zin
The Shining One

.####.#.....# .+....#.##..#
.#....#.....#
.#.#.....##.####
....####.##....#
<...'..........#
....###........#
......#........#############
+##.#.#.......o{@..........#
....#.#........#####.#####.#
....#.#.......># #.......#
##.##.#........# #.......#
#....########.# ###.###...#
###### #.# #..)..#...#
#.###.....#...#
#......_......#
##..#.....###.#


You could see an orc.

Notes
Turn   | Place    | Note
-------+----------+-------------------------------------------
     0 | D:1      | theanonym the Mummy Enchanter began the quest for the Orb.
     0 | D:1      | Reached XP level 1. HP: 13/13 MP: 4/4
    74 | D:1      | Reached skill level 1 in Short Blades
   122 | D:1      | Reached XP level 2. HP: 13/20 MP: 5/5
   312 | D:1      | Reached skill level 1 in Fighting
   617 | D:2      | HP: 10/21 [adder (4)]
   623 | D:2      | HP: 5/21 [adder (1)]
   628 | D:2      | HP: 3/21 [adder (3)]
   629 | D:2      | Reached skill level 2 in Short Blades
   629 | D:2      | Reached XP level 3. HP: 3/26 MP: 7/7
   932 | D:2      | HP: 13/26 [jackal (2)]
   939 | D:2      | HP: 9/26 [jackal (1)]
  1165 | D:2      | Found an ornate altar of the Wu Jian Council.
  1166 | D:2      | Found a deep blue altar of Sif Muna.
  1172 | D:2      | Found a hide-covered altar of Uskayaw.
  1172 | D:2      | Found a glowing silver altar of Zin.
  1175 | D:2      | Found a shimmering altar of Xom.
  1176 | D:2      | Found a glowing golden altar of the Shining One.
  1177 | D:2      | Found a bloodstained altar of Trog.
  1388 | D:2      | Found a snail-covered altar of Cheibriados.
  1567 | D:2      | Found an opulent altar of Gozag.
  1580 | D:2      | Became a worshipper of Gozag Ym Sagoz the Greedy
  1655 | D:2      | HP: 10/27 [orc wizard/puff of flame (12)]
  1666 | D:2      | HP: 5/27 [something (1)]
  1666 | D:2      | Killed from afar by an orc wizard

Vanquished Creatures
  2 adders (D:2)
  A worm (D:2)
  2 dart slugs
  3 leopard geckos (D:2)
  A giant cockroach (D:2)
  7 goblins
  A hobgoblin (D:2)
  5 jackals
  2 kobolds (D:1)
  3 bats
  3 frilled lizards (D:1)
  6 rats
36 creatures vanquished.

Table legend:
 A = Turns spent in this place as a percentage of turns spent in the entire game.
 B = Non-inter-level travel turns spent in this place as a percentage of non-inter-level travel turns spent in the entire game.
 C = Inter-level travel turns spent in this place as a percentage of turns spent in this place.
 D = Turns resting spent in this place as a percentage of non-inter-level travel turns spent in this place.
 E = Turns spent auto-exploring this place as a percentage of non-inter-level travel turns spent in this place.
 F = Non-inter-level travel turns spent in this place divided by the number of levels of this place that you've seen.
                   A       B       C       D       E      F
               +-------+-------+-------+-------+-------+----------------------
         Total | 100.0 | 100.0 |   2.8 |  46.4 |  31.2 | 539.7
       Dungeon | 100.0 | 100.0 |   2.8 |  46.4 |  31.2 | 539.7
               +-------+-------+-------+-------+-------+----------------------
